[Event "71st Greek Championship 2022"]
[Site "Athens"]
[Date "2022.12.11"]
[Round "9.5"]
[White "Moutousis, Konstantinos"]
[Black "Naoum, Spyridon"]
[Result "1-0"]
[ECO "A48"]
[WhiteElo "2392"]
[BlackElo "2352"]
[Annotator "TA"]
[PlyCount "77"]
[EventDate "2022.12.04"]
[EventType "tourn"]
[EventCountry "GRE"]
[SourceTitle "playchess.com"]
[Source "ChessBase"]
[SourceQuality "1"]
[TimeControl "40/5400+30:1800+30"]

1. d4 Nf6 2. Nf3 g6 3. c3 Bg7 4. Bf4 d6 5. h3 O-O 6. e3 Nc6 7. Bh2 {[%emt 0:01:42] A48: 1 d4 Nf6 2 Nf3 g6: Torre, London and Colle Systems.} Nd7 8. b4 e5 9. b5 {[%emt 0:00:09] The position is equal.} Ne7 10. a4 {[%emt 0:00:05] [#]} h6 $146 ({Predecessor:} 10... a6 11. Nbd2 axb5 12. Bxb5 c6 13. Be2 Nd5 14. Qc2 b5 15. c4 Nb4 16. Qb1 c5 17. cxb5 exd4 {0-1 (59) Bachmann,A (2648)-Baklan,V (2601) Linares 2017}) 11. Be2 f5 (11... Nf5 $11 {should be considered.}) 12. Qc2 g5 13. Na3 f4 14. exf4 (14. O-O {simplifies} d5 15. Nxe5 Nxe5 16. dxe5 Bxe5 17. Bf3) 14... exf4 15. Kd2 (15. O-O $11 {remains equal.}) 15... Ne5 $2 16. dxe5 $18 dxe5+ 17. Kc1 Bf5 18. Qb3+ Kh8 19. Rd1 {[%emt 0:02:04] Inhibits c6.} Qe8 20. Kb2 (20. Nc4 $18) 20... Bh7 $16 21. Bc4 (21. Qc4 {with more complications.} c6 22. Bd3 e4 23. Bxe4 Rc8 24. Bxh7 cxb5 25. Qxb5 Bxc3+ 26. Kb1) 21... Nf5 22. Bd5 e4 23. Re1 (23. Bxe4 {feels hotter.} Qxe4 24. Re1 Nd6 25. Rxe4 Nxe4 26. Nc4) 23... Nd6 24. Nc4 $1 {[%emt 0:00:06] Prevents c6. aiming for Nxd6.} Rd8 25. Nxd6 Rxd6 {[%emt 0:00:30] [#]} 26. Bxb7 (26. Rad1 $1 $16) 26... Qe7 $11 27. Qc4 {[%emt 0:03:22][%cal Re1e4] Black must now prevent Rxe4.} c6 (27... Bg8 $1 $11 {keeps the balance.} 28. Rxe4 (28. Qxe4 $2 {loses.} Re6 $19) 28... Qf6) 28. Bxc6 $16 Rc8 (28... Bg8 $16 29. Rxe4 Qd8) 29. Nd4 $18 Rcd8 (29... Bxd4 {was worth a try.} 30. cxd4 Qf6) 30. Rad1 a5 $2 (30... Bf8) 31. g3 {[%emt 0:04:20] White is clearly winning.} (31. bxa6 Rb8+ 32. Bb5 Rxa6 $18) 31... Bg8 32. Rxe4 Qxe4 33. Qxg8+ ({Less strong is} 33. Bxe4 Bxc4 34. gxf4 Bxd4 35. Rxd4 (35. cxd4 Rxd4 36. Rxd4 Rxd4 $18) 35... Rxd4 36. cxd4 Rxd4 $18) 33... Kxg8 34. Bxe4 Bxd4 35. cxd4 Rxd4 36. Rxd4 Rxd4 37. Bc2 Kf7 38. gxf4 {[%emt 0:00:35] [#] And now Kc3 would win.} gxf4 39. Kc3 {[%emt 0:00:13] Weighted Error Value: White=0.21 (precise) /Black=0.52} 1-0